MLB
OTTAWA LYNX @ CLEVELAND GUARDIANS
07/31/2042
 
TOP OF THE 1ST
Ottawa Lynx batting - Pitching for Cleveland Guardians : RHP Mario Medina
Pitching: RHP Mario Medina
Batting: LHB Sergio Martínez 0-0: DOUBLE (Flyball, 78D, EV 98.8 MPH)
Batting: RHB Pat Harris 0-0: Foul Ball, location: 2RF
0-1: Ball
1-1: Ball
2-1: SINGLE (Line Drive, 8LS, EV 106.9 MPH)
Sergio Martínez to third
Batting: LHB Dan Chipman 0-0: Ball
Wild Pitch!
Sergio Martínez scores
Pat Harris to second
1-0: Foul Ball, location: 5F
1-1: Called Strike
1-2: SINGLE (Line Drive, 8RS, EV 91.3 MPH)
Pat Harris to third
Runner from 3rd tries for Home, SAFE, throw by CF to home
Batting: LHB Ed Harris 0-0: Swinging Strike
0-1: SINGLE (Groundball, 4MD, EV 103.8 MPH)
Dan Chipman to second
Batting: RHB Rikiya Honda 0-0: Ball
1-0: Called Strike
1-1: Swinging Strike
1-2: Grounds into double play, 6-4-3 (Groundball, 6, EV 107.5 MPH)
Dan Chipman to third
Batting: LHB Mike Hyde 0-0: Ball
1-0: Ball
2-0: Ball
3-0: Called Strike
3-1: SINGLE (Line Drive, 4D, EV 95.6 MPH)
Dan Chipman scores
Batting: RHB Sam Campbell 0-0: Swinging Strike
0-1: Ball
1-1: Ball
2-1: Called Strike
2-2: Foul Ball, location: 23F
2-2: Foul Ball, location: 2F
2-2: Foul Ball, location: 2F
2-2: SINGLE (Groundball, 34D, EV 103.1 MPH)
Mike Hyde to second
Runner from 2nd tries for 3rd, SAFE, throw by RF made to third
Batting: LHB Bob Lester 0-0: Ball
1-0: Fly out, F9 (Flyball, 89S, EV 91.3 MPH)
Top of the 1st over - 3 runs, 6 hits, 0 errors, 2 left on base; Ottawa 3 - Cleveland 0
BOTTOM OF THE 1ST
Cleveland Guardians batting - Pitching for Ottawa Lynx : RHP Jim Fullen
Pitching: RHP Jim Fullen
Batting: RHB José Rodríguez 0-0: Foul Ball, location: 2F
0-1: Ball
1-1: Ball
2-1: Foul Ball, location: 2F
2-2: SINGLE (Groundball, 34D, EV 95.6 MPH)
Batting: LHB Greg Curry 0-0: Ball
1-0: Fly out, F9 (Flyball, 89S, EV 91.9 MPH)
Batting: RHB Luis García 0-0: Ball
1-0: Ball
2-0: Called Strike
2-1: Called Strike
José Rodríguez steals 2nd base
2-2: Fly out, F9 (Flyball, 9D, EV 110.0 MPH)
Runner from 2nd tags up, SAFE at 3rd, no throw by RF
Batting: RHB Raúl Benítez 0-0: Ball
1-0: Fly out, F9 (Flyball, 89S, EV 71.9 MPH)
Bottom of the 1st over - 0 runs, 1 hit, 0 errors, 1 left on base; Ottawa 3 - Cleveland 0
TOP OF THE 2ND
Ottawa Lynx batting - Pitching for Cleveland Guardians : RHP Mario Medina
Batting: LHB Marc Richardson 0-0: Ball
1-0: Called Strike
1-1: Swinging Strike
1-2: Foul Ball, location: 2F
1-2: Ball
2-2: Foul Ball, location: 2F
2-2: Ground out 4-3 (Groundball, 4, EV 84.4 MPH)
Batting: LHB Sergio Martínez 0-0: Ball
1-0: SINGLE (Line Drive, 9LS, EV 94.4 MPH)
Batting: RHB Pat Harris 0-0: Ball
1-0: 2-RUN HOME RUN (Flyball, 9LD, EV 91.9 MPH), Distance : 343 ft
Batting: LHB Dan Chipman 0-0: Swinging Strike
0-1: Foul Ball, location: 2F
0-2: Ball
1-2: Ball
2-2: Strikes out swinging
Batting: LHB Ed Harris 0-0: Ball
1-0: Ball
2-0: Ball
3-0: Called Strike
3-1: Called Strike
3-2: SINGLE (Line Drive, 9S, EV 87.5 MPH)
Batting: RHB Rikiya Honda 0-0: Called Strike
0-1: Called Strike
0-2: Ball
1-2: Strikes out swinging
Top of the 2nd over - 2 runs, 3 hits, 0 errors, 1 left on base; Ottawa 5 - Cleveland 0
BOTTOM OF THE 2ND
Cleveland Guardians batting - Pitching for Ottawa Lynx : RHP Jim Fullen
Batting: LHB Mike Hatfield 0-0: Foul Ball, location: 5DF
0-1: Ball
1-1: Foul Ball, location: 2F
1-2: Ball
2-2: Foul Ball, location: 2F
2-2: Foul Ball, location: 3F
2-2: Ball
3-2: Foul Ball, location: 2RF
3-2: Foul Ball, location: 7LSF
3-2: SINGLE (Line Drive, 7S, EV 91.9 MPH)
Batting: RHB Jeff Jacobs 0-0: Called Strike
0-1: Ball
1-1: Ball
2-1: Called Strike
2-2: SINGLE (Groundball, 34D, EV 105.0 MPH)
Mike Hatfield to second
Runner from 2nd tries for 3rd, SAFE, throw by RF made to third
Batting: SHB Tim Webster 0-0: Ball
1-0: Ball
2-0: Ball
3-0: Base on Balls
Jeff Jacobs to second
Batting: RHB Jon Morton 0-0: Foul Ball, location: 3F
0-1: Called Strike
0-2: Ball
1-2: Ball
2-2: Foul Ball, location: 9LMF
2-2: Ball
3-2: Foul Ball, location: 2F
3-2: Grounds into double play, U6-3 (Groundball, 4M, EV 100.6 MPH)
Mike Hatfield scores
Jeff Jacobs to third
Batting: LHB António Caligas 0-0: Ball
1-0: Ground out 4-3 (Groundball, 4MS, EV 61.9 MPH)
Bottom of the 2nd over - 1 run, 2 hits, 0 errors, 1 left on base; Ottawa 5 - Cleveland 1
TOP OF THE 3RD
Ottawa Lynx batting - Pitching for Cleveland Guardians : RHP Mario Medina
Batting: LHB Mike Hyde 0-0: Ball
1-0: Foul Ball, location: 2F
1-1: Fly out, F7 (Flyball, 78D, EV 93.8 MPH)
Batting: RHB Sam Campbell 0-0: Ground out 6-3 (Groundball, 56, EV 82.5 MPH)
Batting: LHB Bob Lester 0-0: Ball
1-0: Called Strike
1-1: Ground out U3 (Groundball, 3, EV 105.6 MPH)
Top of the 3rd over - 0 runs, 0 hits, 0 errors, 0 left on base; Ottawa 5 - Cleveland 1
BOTTOM OF THE 3RD
Cleveland Guardians batting - Pitching for Ottawa Lynx : RHP Jim Fullen
Batting: RHB José Rodríguez 0-0: Foul Ball, location: 3DF
0-1: Called Strike
0-2: Strikes out swinging
Batting: LHB Greg Curry 0-0: Called Strike
0-1: Ball
1-1: Called Strike
1-2: Ball
2-2: Strikes out swinging
Batting: RHB Luis García 0-0: Called Strike
0-1: Ball
1-1: Ball
2-1: Swinging Strike
2-2: Foul Ball, location: 9LSF
2-2: Foul Ball, location: 2F
2-2: DOUBLE (Groundball, 5L, EV 103.8 MPH)
Batting: RHB Raúl Benítez 0-0: Ground out 6-3 (Groundball, 6, EV 93.1 MPH)
Bottom of the 3rd over - 0 runs, 1 hit, 0 errors, 1 left on base; Ottawa 5 - Cleveland 1
TOP OF THE 4TH
Ottawa Lynx batting - Pitching for Cleveland Guardians : RHP Mario Medina
Batting: LHB Marc Richardson 0-0: Called Strike
0-1: Fly out, F7 (Flyball, 7LMF, EV 86.9 MPH)
Batting: LHB Sergio Martínez 0-0: Ball
1-0: Foul Ball, location: 9LDF
1-1: SINGLE (Groundball, 6MD, EV 101.9 MPH)
Batting: RHB Pat Harris 0-0: Swinging Strike
0-1: Ball
1-1: Grounds into double play, 3-6-1 (Groundball, 23, EV 86.3 MPH)
Top of the 4th over - 0 runs, 1 hit, 0 errors, 0 left on base; Ottawa 5 - Cleveland 1
BOTTOM OF THE 4TH
Cleveland Guardians batting - Pitching for Ottawa Lynx : RHP Jim Fullen
Batting: LHB Mike Hatfield 0-0: Ball
1-0: Ball
2-0: Swinging Strike
2-1: Swinging Strike
2-2: Strikes out swinging
Batting: RHB Jeff Jacobs 0-0: Foul Ball, location: 9LDF
0-1: Called Strike
0-2: Ball
1-2: Ball
2-2: Ball
3-2: Hit by Pitch
Batting: SHB Tim Webster 0-0: Ball
1-0: Ball
2-0: Ball
3-0: Base on Balls
Jeff Jacobs to second
Batting: RHB Jon Morton 0-0: Swinging Strike
0-1: Ball
1-1: Swinging Strike
1-2: Strikes out swinging
Batting: LHB António Caligas 0-0: Foul Ball, location: 3FF
0-1: Fly out, F9 (Flyball, 9S, EV 79.4 MPH)
Bottom of the 4th over - 0 runs, 0 hits, 0 errors, 2 left on base; Ottawa 5 - Cleveland 1
TOP OF THE 5TH
Ottawa Lynx batting - Pitching for Cleveland Guardians : RHP Mario Medina
Batting: LHB Dan Chipman 0-0: Foul Ball, location: 7LDF
0-1: Foul Ball, location: 9LMFF
0-2: Ground out 1-3 (Groundball, 34S, EV 71.9 MPH)
Batting: LHB Ed Harris 0-0: Ball
1-0: Ball
2-0: Swinging Strike
2-1: Foul Ball, location: 9LDF
2-2: Ground out U3 (Groundball, 3, EV 109.4 MPH)
Batting: RHB Rikiya Honda 0-0: Ball
1-0: Called Strike
1-1: Foul Ball, location: 5F
1-2: Strikes out swinging
Top of the 5th over - 0 runs, 0 hits, 0 errors, 0 left on base; Ottawa 5 - Cleveland 1
BOTTOM OF THE 5TH
Cleveland Guardians batting - Pitching for Ottawa Lynx : RHP Jim Fullen
Batting: RHB José Rodríguez 0-0: DOUBLE (Line Drive, 7LS, EV 111.3 MPH)
Batting: LHB Greg Curry 0-0: Ground out 4-3 (Groundball, 4, EV 81.9 MPH)
José Rodríguez to third
Batting: RHB Luis García 0-0: Called Strike
0-1: Called Strike
0-2: Ball
1-2: Foul Ball, location: 2F
1-2: Strikes out swinging
Batting: RHB Raúl Benítez 0-0: Ball
1-0: Fly out, F7 (Flyball, 78S, EV 92.5 MPH)
Bottom of the 5th over - 0 runs, 1 hit, 0 errors, 1 left on base; Ottawa 5 - Cleveland 1
TOP OF THE 6TH
Ottawa Lynx batting - Pitching for Cleveland Guardians : RHP Mario Medina
Batting: LHB Mike Hyde 0-0: Ball
1-0: Called Strike
1-1: Ground out 6-3 (Groundball, 6M, EV 103.8 MPH)
Batting: RHB Sam Campbell 0-0: Ball
1-0: Ball
2-0: Ball
3-0: Called Strike
3-1: Base on Balls
Batting: LHB Bob Lester 0-0: Ball
1-0: Ball
2-0: Swinging Strike
2-1: Ball
3-1: Grounds into double play, 4-6-3 (Groundball, 4, EV 85.6 MPH)
Top of the 6th over - 0 runs, 0 hits, 0 errors, 0 left on base; Ottawa 5 - Cleveland 1
BOTTOM OF THE 6TH
Cleveland Guardians batting - Pitching for Ottawa Lynx : RHP Jim Fullen
Batting: LHB Mike Hatfield 0-0: Ball
1-0: Ball
2-0: Ball
3-0: Called Strike
3-1: Called Strike
3-2: SOLO HOME RUN (Line Drive, 9LD, EV 96.9 MPH), Distance : 366 ft
Batting: RHB Jeff Jacobs 0-0: Ball
1-0: Called Strike
1-1: Ball
2-1: Ground out 6-3 (Groundball, 6, EV 88.1 MPH)
Batting: SHB Tim Webster 0-0: Foul Ball, location: 2F
0-1: Ball
1-1: Ball
2-1: Swinging Strike
2-2: Strikes out swinging
Batting: RHB Jon Morton 0-0: Ball
1-0: Foul Ball, location: 2F
1-1: Ball
2-1: Foul Ball, location: 2F
2-2: Foul Ball, location: 9LMF
2-2: Ground out 6-3 (Groundball, 6M, EV 97.5 MPH)
Bottom of the 6th over - 1 run, 1 hit, 0 errors, 0 left on base; Ottawa 5 - Cleveland 2
TOP OF THE 7TH
Ottawa Lynx batting - Pitching for Cleveland Guardians : RHP Mario Medina
Pitching: LHP Pippino Fischetti
Batting: LHB Marc Richardson 0-0: Ball
1-0: Foul Ball, location: 2F
1-1: Called Strike
1-2: Ball
2-2: Strikes out swinging
Batting: LHB Sergio Martínez 0-0: Ground out 4-3 (Groundball, 34, EV 92.5 MPH)
Batting: RHB Pat Harris 0-0: Foul Ball, location: 25FF
0-1: Ball
1-1: Called Strike
1-2: Ground out 4-3 (Groundball, 4, EV 83.1 MPH)
Top of the 7th over - 0 runs, 0 hits, 0 errors, 0 left on base; Ottawa 5 - Cleveland 2
BOTTOM OF THE 7TH
Cleveland Guardians batting - Pitching for Ottawa Lynx : RHP Jim Fullen
Pitching: RHP Steve Howe
Batting: LHB António Caligas 0-0: Ball
1-0: Ball
2-0: Swinging Strike
2-1: Called Strike
2-2: Strikes out swinging
Batting: RHB José Rodríguez 0-0: Ball
1-0: Foul Ball, location: 9LMF
1-1: Swinging Strike
1-2: Foul Ball, location: 2RF
1-2: Foul Ball, location: 2F
1-2: Foul Ball, location: 23F
1-2: Ball
2-2: Strikes out looking
Batting: LHB Greg Curry 0-0: Foul Ball, location: 25F
0-1: Ball
1-1: SINGLE (Line Drive, 6MD, EV 94.4 MPH)
Batting: RHB Luis García 0-0: Ball
1-0: Called Strike
1-1: Swinging Strike
1-2: Foul Ball, location: 5F
1-2: Strikes out swinging
Bottom of the 7th over - 0 runs, 1 hit, 0 errors, 1 left on base; Ottawa 5 - Cleveland 2
TOP OF THE 8TH
Ottawa Lynx batting - Pitching for Cleveland Guardians : LHP Pippino Fischetti
Batting: LHB Dan Chipman 0-0: Foul Ball, location: 9LSF
0-1: Swinging Strike
0-2: Ball
1-2: Ball
2-2: Ball
3-2: Foul Ball, location: 2F
3-2: Base on Balls
Batting: LHB Ed Harris 0-0: Ball
1-0: Swinging Strike
1-1: Ball
2-1: Ball
3-1: Fly out, F8 (Flyball, 8LS, EV 90.0 MPH)
Batting: RHB Rikiya Honda 0-0: Called Strike
0-1: Ball
1-1: SINGLE (Line Drive, 7S, EV 105.0 MPH)
Dan Chipman to second
Batting: LHB Mike Hyde 0-0: Foul Ball, location: 25F
0-1: Ball
1-1: Ball
2-1: Called Strike
2-2: Grounds into double play, 3-6-3 (Groundball, 3, EV 108.8 MPH)
Top of the 8th over - 0 runs, 1 hit, 0 errors, 1 left on base; Ottawa 5 - Cleveland 2
BOTTOM OF THE 8TH
Cleveland Guardians batting - Pitching for Ottawa Lynx : RHP Steve Howe
Batting: RHB Raúl Benítez 0-0: Foul Ball, location: 9LDF
0-1: Ground out 6-3 (Groundball, 6S, EV 68.1 MPH)
Batting: LHB Mike Hatfield 0-0: Foul Ball, location: 7LMF
0-1: Foul Ball, location: 9LDF
0-2: Ball
1-2: Fly out, F9 (Flyball, 9LS, EV 89.4 MPH)
Batting: RHB Jeff Jacobs 0-0: Ball
1-0: Ground out 6-3 (Groundball, 56, EV 81.9 MPH)
Bottom of the 8th over - 0 runs, 0 hits, 0 errors, 0 left on base; Ottawa 5 - Cleveland 2
TOP OF THE 9TH
Ottawa Lynx batting - Pitching for Cleveland Guardians : LHP Pippino Fischetti
Batting: RHB Sam Campbell 0-0: Called Strike
0-1: Ball
1-1: Ball
2-1: Swinging Strike
2-2: Strikes out swinging, 2-3 out at first.
Batting: LHB Bob Lester 0-0: Ball
1-0: Ground out 6-3 (Groundball, 6MS, EV 90.6 MPH)
Pinch Hitting: RHB Bao-qing Wu 0-0: Fly out, F4 (Popup, 34, EV 58.8 MPH)
Top of the 9th over - 0 runs, 0 hits, 0 errors, 0 left on base; Ottawa 5 - Cleveland 2
BOTTOM OF THE 9TH
Cleveland Guardians batting - Pitching for Ottawa Lynx : RHP Steve Howe
Pitching: RHP Alex Myers
Now at C: José Padilla
Now at 1B: Joe Smith
Now in LF: Lauro Malaparte
Batting: SHB Tim Webster 0-0: Foul Ball, location: 7LSF
0-1: Fly out, F6 (Popup, 6M, EV 60.6 MPH)
Pinch Hitting: LHB José Fontanez 0-0: Ball
1-0: Swinging Strike
1-1: Ball
2-1: Swinging Strike
2-2: Strikes out swinging
Batting: LHB António Caligas 0-0: Ball
1-0: Foul Ball, location: 25F
1-1: Swinging Strike
1-2: Strikes out looking
Bottom of the 9th over - 0 runs, 0 hits, 0 errors, 0 left on base; Ottawa 5 - Cleveland 2
Friday, May 17th , 2024 - OOTP Baseball 24.10 Build 82